 Dungeon Crawl Stone Soup version 0.27.1-37-g7b29ead8ac (webtiles) character file.

Game seed: 1646215094436211002

123 tkbsonic5 the Magician (level 5, -2/38 HPs)
             Began as a Djinni Hedge Wizard on Oct 22, 2023.
             Slain by a gnoll (7 damage)
             ... on level 3 of the Dungeon on Oct 23, 2023.
             The game lasted 00:07:58 (2401 turns).

tkbsonic5 the Magician (Djinni Hedge Wizard)        Turns: 2401, Time: 00:07:58

Health: -2/38      AC:  4    Str:  9    XL:     5   Next: 28%
Gold:   106        EV: 12    Int: 16    God:
                   SH:  0    Dex: 13

rFire    + + .     SeeInvis .   l - +0 scimitar
rCold    x . .     Faith    .   (no shield)
rNeg     . . .     Spirit   .   b - +0 robe
rPois    ∞         Reflect  .   c - +0 hat
rElec    .         Harm     .   e - +0 cloak
rCorr    .         Rampage  .   h - +0 pair of gloves
Will     .....                  (boots unavailable)
Stlth    ++........             (no amulet)
HPRegen  0.12/turn              (no ring)
MPRegen  0.00/turn              (no ring)

@: flying
A: sickness immunity, fire resistance 2, cold vulnerability 1, float, innate
caster, hp casting, extra vitality 1
a: no special abilities


You were on level 3 of the Dungeon.
You visited 1 branch of the dungeon, and saw 3 of its levels.

You collected 106 gold pieces.

Inventory:

Hand Weapons
 a - a +0 dagger
 l - a +0 scimitar (weapon)
Armour
 b - a +0 robe (worn)
 c - a +0 hat (worn)
 e - a +0 cloak (worn)
 h - a +0 pair of gloves (worn)
Scrolls
 g - a scroll of immolation {unknown}
 i - a scroll of identify {unknown}
 j - a scroll of fog {unknown}
 m - a scroll of vulnerability {unknown}
Potions
 d - a potion of mutation {unknown}
 f - 2 potions of degeneration {unknown}
 k - a potion of brilliance {unknown}
 n - a potion of haste {unknown}


   Skills:
 * Level 1.9 Fighting
 - Level 2.1 Dodging
 - Level 1.5 Stealth
 + Level 4.0 Spellcasting


You couldn't memorise any spells.
You knew the following spells:

 Your Spells              Type           Power      Damage    Failure   Level
a - Magic Dart            Conj           64%        1d6       3%          1
b - Blink                 Tloc           N/A        N/A       4%          2
c - Call Imp              Summ           16%        N/A       4%          2
d - Slow                  Hex            16%        N/A       4%          2
e - Conjure Flame         Conj/Fire      16%        6-21      10%         3
f - Mephitic Cloud        Conj/Pois/Air  16%        N/A       10%         3
g - Summon Small Mammal   Summ           64%        N/A       3%          1
h - Passwall              Tmut/Erth      13%        N/A       4%          2
Your spell library was empty.

Dungeon Overview and Level Annotations

Branches:
Dungeon (3/15)

Altars:
Gozag

Annotations:
D:3 1 runed translucent door


Innate Abilities, Weirdness & Mutations

You are immune to sickness and miasma.
You are immune to poison.
Your flesh is very heat resistant. (rF++)
You are vulnerable to cold. (rC-)
You float through the air rather than walking.
You learn spells naturally, not from books.
Your magical power is your life essence.
You have superior vitality. (+4 HP)


Message History

You are too injured to fight recklessly!
Aiming: Magic Dart (safe; 3% risk of failure)
Press: ? - help, Q - select action, (/) - cycle Shift-Dir - straight line, f/p - gnoll
Aim: a gnoll, wielding a +0 flail (heavily wounded, 100% to hit)
The magic dart hits the gnoll.
The gnoll is severely wounded.
Unknown command.
Aiming: Magic Dart (safe; 3% risk of failure)
Press: ? - help, Q - select action, (/) - cycle Shift-Dir - straight line, f/p - gnoll
Aim: a gnoll, wielding a +0 flail (heavily wounded, 100% to hit)
The magic dart hits the gnoll but does no damage.
The gnoll is heavily wounded.
Unknown command.
Unknown command.
Unknown command.
Unknown command.
Aiming: Magic Dart (safe; 3% risk of failure)
Press: ? - help, Q - select action, (/) - cycle Shift-Dir - straight line, f/p - gnoll
Aim: a gnoll, wielding a +0 flail (heavily wounded, 100% to hit)
The magic dart hits the gnoll.
The gnoll is severely wounded.
The gnoll hits you with a +0 flail!
* * * LOW HITPOINT WARNING * * *
Unknown command.
Aiming: Magic Dart (safe; 3% risk of failure)
Press: ? - help, Q - select action, (/) - cycle Shift-Dir - straight line, f/p - gnoll
Aim: a gnoll, wielding a +0 flail (severely wounded, 100% to hit)
The magic dart hits the gnoll.
The gnoll is severely wounded.
* * * LOW HITPOINT WARNING * * *
The gnoll closely misses you.
Unknown command.
Aiming: Magic Dart (safe; 3% risk of failure)
Press: ? - help, Q - select action, (/) - cycle Shift-Dir - straight line, f/p - gnoll
Aim: a gnoll, wielding a +0 flail (severely wounded, 100% to hit)
The magic dart hits the gnoll.
The gnoll is almost dead.
* * * LOW HITPOINT WARNING * * *
The gnoll hits you with a +0 flail!
You die...

#.......## #.#.#.#..## #
#.......... #.
#.#.#.#....
#.#########..........
####.......)#..#.#.#....
.......#....#...........
...).)g@†...............
...###..#######.###....#
##.. #.# #..†.. #...
##+###....# ####+
#......##.. .≈.
#......#### .≈.##......#
# ≈.##......# # ##+#####
#


You could see a gnoll.

Vanquished Creatures
  3 gnolls (D:3)
  4 adders
  4 ball pythons
  An endoplasm (D:2)
  A giant cockroach (D:1)
  2 goblins (D:1)
  A hobgoblin (D:1)
  A jackal (D:1)
  A quokka (D:2)
  3 bats
  A frilled lizard (D:3)
  3 kobolds
  A rat (D:1)
26 creatures vanquished.

Vanquished Creatures (collateral kills)
  3 gnolls (D:2)
  2 adders (D:2)
  A worm (D:2)
  2 ball pythons
  A hobgoblin (D:1)
  3 jackals (D:1)
  A kobold (D:2)
13 creatures vanquished.

Vanquished Creatures (others)
  5 fungi (D:3)
5 creatures vanquished.

Grand Total: 44 creatures vanquished

Notes
Turn   | Place    | Note
-------+----------+-------------------------------------------
     0 | D:1      | tkbsonic5 the Djinni Hedge Wizard began the quest for the
                  | Orb.
     0 | D:1      | Reached XP level 1. HP: 15/15 MP: 0/0
   213 | D:1      | Reached XP level 2. HP: 10/21 MP: 0/0
   414 | D:1      | Reached skill level 3 in Spellcasting
   871 | D:2      | Reached XP level 3. HP: 18/25 MP: 0/0
   871 | D:2      | Learned a level 1 spell: Summon Small Mammal
  1130 | D:2      | Reached XP level 4. HP: 27/31 MP: 0/0
  1198 | D:2      | Noticed a shining eye
  1200 | D:2      | Found a faded altar of an unknown god.
  1206 | D:2      | Noticed a shining eye
  1206 | D:2      | Noticed a floating eye
  1206 | D:2      | Noticed a golden eye
  1910 | D:2      | Found an opulent altar of Gozag.
  2260 | D:3      | Reached skill level 1 in Fighting
  2380 | D:3      | Found a runed translucent door.
  2386 | D:3      | Reached XP level 5. HP: 32/37 MP: 0/0
  2386 | D:3      | Learned a level 2 spell: Passwall
  2394 | D:3      | Reached skill level 4 in Spellcasting
  2401 | D:3      | Slain by a gnoll

Illustrated notes

Levels and vault maps discovered:
D:1:      minmay_arrival_arboretum_small, layout_rooms
D:2:      layout_loops_ring, basic_altar, hellmonk_ecumenical_altar_watching_god
D:3:      layout_basic, fedhas_altar_3, serial_glass, glass_columns_a,
          glass_columns_a, glass_columns_a, glass_columns_c, glass_columns_a,
          glass_columns_b, glass_columns_a, glass_columns_a, glass_columns_a,
          glass_columns_b, glass_columns_b, glass_columns_b, glass_columns_b,
          glass_columns_a, ebering_ghost_reflecting_pool, minmay_crystal_water,
          minmay_ogre_servants

Skill      XL: |  1  2  3  4  5 |
---------------+----------------+-----
Spellcasting   | 3 4 |  4.0
Fighting       | 1 |  1.9
Dodging        | |  2.1
Stealth        | |  1.5

Action                   |  1- 3 |  4- 6 || total
-------------------------+-------+-------++-------
 Cast: Magic Dart        |    37 |    54 ||    91
       Call Imp          |    10 |     8 ||    18
       Blink             |     1 |       ||     1
  Use: Potion            |     3 |       ||     3
Armor: Robe              |     2 |     3 ||     5
Dodge: Dodged            |     8 |     3 ||    11
